 Dungeon Crawl Stone Soup version 0.19.0-19-g8c6edcc (webtiles) character file.

301 CountDeLaPain the Shield-Bearer (level 6, -1/53 HPs)
             Began as a Minotaur Fighter on Nov 14, 2016.
             Killed from afar by Dowan (14 damage)
             ... with a shard of ice
             ... on level 4 of the Dungeon.
             The game lasted 00:07:28 (2798 turns).

CountDeLaPain the Shield-Bearer (Minotaur Fighter)  Turns: 2798, Time: 00:07:29

Health: -1/53      AC:  9    Str: 26    XL:     6   Next: 14%
Magic:  5/6        EV:  6    Int:  7    God:
Gold:   223        SH: 10    Dex:  9    Spells: 0 memorised, 5 levels left

rFire  . . .     SeeInvis .     a - +0 flail
rCold  . . .     Gourm    .     i - +0 chain mail
rNeg   . . .     Faith    .     c - +0 shield
rPois  .         Spirit   .     (helmet restricted)
rElec  .         Reflect  .     (no cloak)
rCorr  .         Harm     .     (no gloves)
MR     .....                    (no boots)
Stlth  ..........               (no amulet)
                                (no ring)
                                (no ring)

@: mighty, very slightly contaminated, hasted, very quick
A: retaliatory headbutt, horns 2
a: no special abilities


You were on level 4 of the Dungeon.
You were very hungry.

You visited 1 branch of the dungeon, and saw 4 of its levels.

You collected 223 gold pieces.

Inventory:

Hand Weapons
 a - a +0 flail (weapon)
Armour
 b - a +0 scale mail
 c - a +0 shield (worn)
 i - a +0 chain mail (worn)
Jewellery
 p - an uncursed amulet of guardian spirit {unknown}
 s - an uncursed ring of flight {unknown}
Wands
 v - a wand of polymorph (0/24)
Scrolls
 e - a scroll of remove curse
 g - a scroll of teleportation {unknown}
 k - a scroll of amnesia {unknown}
 l - a scroll of fear
 n - a scroll of noise {unknown}
 q - a scroll of recharging {unknown}
 r - a scroll of immolation {unknown}
 u - a scroll of blinking {unknown}
 y - a scroll of random uselessness {unknown}
 C - a scroll of identify
 D - a scroll of magic mapping {unknown}
Potions
 m - 3 potions of flight
 o - a potion of brilliance
 w - a potion of ambrosia {unknown}
 A - a potion of mutation {unknown}
 B - a potion of curing {unknown}
Comestibles
 f - 3 bread rations
 h - a meat ration
 x - a slice of pizza
 z - a beef jerky


   Skills:
 + Level 4.5 Fighting
 + Level 4.3 Maces & Flails
 + Level 5.0 Armour
 + Level 1.0 Dodging
 + Level 5.1 Shields
 * Level 1.5 Evocations


You had 5 spell levels left.
You didn't know any spells.

Dungeon Overview and Level Annotations

Branches:
Dungeon (4/15)
 Temple: D:4-7

Altars:
Dithmenos

Annotations:
D:4 Dowan


Innate Abilities, Weirdness & Mutations

You reflexively headbutt those who attack you in melee.
You have a pair of horns on your head.


Message History

Duvessa returns to her original shape as she dies.
Your Maces & Flails skill increases to level 4!
Your Armour skill increases to level 5!
Your Dodging skill increases to level 1!
Your Shields skill increases to level 5!
You have reached level 6!
Your experience leads to an increase in your attributes!
Your base attributes are Str 21, Int 6, Dex 9.
Increase (S)trength, (I)ntelligence, or (D)exterity?
You feel clever.
Evoke which item? (* to show all) (? for menu, Esc to quit)
Okay, then.
You see here the elf corpse of Duvessa.
There is a stone staircase leading up here.
You feel yourself speed up.
The hornet stings you but does no damage. x2
You are very lightly contaminated with residual magic.
Dowan casts a spell at you. The shard of ice hits you!
You die...

###.###.####>......#.###.......#
.................#.....#.......#
....#..........................#
...................#.##....#####
........###..........###.....####
.....#..# #......#...............
........# #......###..##.........
...####.....####..###.##......##.
#### #.....<...@.ey..........##.
...##.#####.##.<.........#.
.........#.....#..#
###.###..#.....##.# #.#
#........##.. #.# #..#..†..##..
#.# ##.####)....# #..
#......##### #...###.#


You could see a hornet and Dowan.

Vanquished Creatures
  A steam dragon (D:4)
  Jessica (D:2)
  A worker ant (D:4)
  7 adders
  A worm (D:2)
  3 dart slugs
  An orc (D:3)
  6 giant cockroaches
  7 hobgoblins
  5 jackals
  4 kobolds
  A quokka (D:2)
  8 bats
  A frilled lizard (D:1)
  9 goblins
  3 rats
59 creatures vanquished.

Notes
Turn   | Place    | Note
-------+----------+-------------------------------------------
     0 | D:1      | CountDeLaPain the Minotaur Fighter began the quest for the Orb.
     0 | D:1      | Reached XP level 1. HP: 19/19 MP: 0/0
   246 | D:1      | Reached XP level 2. HP: 27/27 MP: 1/1
   883 | D:2      | Noticed Jessica
   888 | D:2      | Killed Jessica
   888 | D:2      | Reached XP level 3. HP: 34/34 MP: 2/2
  1032 | D:2      | Reached XP level 4. HP: 22/41 MP: 3/3
  2162 | D:3      | Found a shadowy altar of Dithmenos.
  2186 | D:3      | Reached XP level 5. HP: 47/47 MP: 4/4
  2621 | D:4      | Reached skill level 1 in Evocations
  2767 | D:4      | Noticed Duvessa
  2769 | D:4      | Noticed Dowan
  2774 | D:4      | Noticed Duvessa
  2774 | D:4      | Duvessa changed into Duvessa the steam dragon
  2785 | D:4      | Noticed a hornet
  2785 | D:4      | Killed Duvessa the steam dragon
  2785 | D:4      | Reached skill level 5 in Armour
  2785 | D:4      | Reached skill level 1 in Dodging
  2785 | D:4      | Reached skill level 5 in Shields
  2785 | D:4      | Reached XP level 6. HP: 11/53 MP: 4/6
  2798 | D:4      | Killed from afar by Dowan

Skill      XL: |  1  2  3  4  5 |
---------------+----------------+-----
Fighting       | 4 |  4.5
Maces & Flails | 3 4 |  4.3
Armour         | 4 5 |  5.0
Shields        | 4 5 |  5.1
Evocations     | 1 |  1.5
Dodging        | 1 |  1.0

Action                   |  1- 3 |  4- 6 || total
-------------------------+-------+-------++-------
Melee: Flail             |    63 |   112 ||   175
       Headbutt          |    12 |    11 ||    23
Evoke: Wand              |       |     3 ||     3
  Use: Scroll            |       |     6 ||     6
       Potion            |       |     3 ||     3
  Eat: Chunk             |       |     5 ||     5
Armor: Chain mail        |    33 |    63 ||    96
       Scale mail        |     4 |       ||     4
Dodge: Dodged            |    16 |    39 ||    55
Block: Shield            |    34 |    75 ||   109
